 Dungeon Crawl Stone Soup version 0.25.1-2-g60ff931df9 (webtiles) character file.

Game seed: 7332326282153473767

135 hawla the Stinger (level 4, -10/34 HPs)
             Began as a Draconian Venom Mage on Nov 10, 2020.
             Mangled by a two-headed ogre
             ... wielding a +0 giant club
              (14 damage)
             ... on level 3 of the Dungeon.
             The game lasted 00:11:48 (3636 turns).

hawla the Stinger (Draconian Venom Mage)            Turns: 3636, Time: 00:11:49

Health: -10/34     AC:  5    Str: 11    XL:     4   Next: 97%
Magic:  1/8        EV: 12    Int: 16    God:
Gold:   87         SH:  0    Dex: 11    Spells: 3/9 levels left

rFire    . . .     SeeInvis .   (no weapon)
rCold    . . .     Gourm    .   (no shield)
rNeg     . . .     Faith    .   (armour unavailable)
rPois    .         Spirit   .   (helmet restricted)
rElec    .         Reflect  .   (no cloak)
rCorr    .         Harm     .   (no gloves)
MR       .....                  (no boots)
Stlth    ++........             (no amulet)
HPRegen  0.11/turn              (no ring)
MPRegen  0.11/turn              (no ring)

@: no status effects
A: unfitting armour, cold-blooded, AC +5
a: no special abilities


You were on level 3 of the Dungeon.
You were not hungry.

You visited 1 branch of the dungeon, and saw 3 of its levels.

You collected 87 gold pieces.

Inventory:

Missiles
 a - 10 poisoned darts (quivered)
Wands
 p - a wand of enslavement (4)
Scrolls
 e - 3 scrolls of magic mapping
 g - a scroll of identify
 h - a scroll of remove curse
Potions
 d - a potion of brilliance
 f - a potion of curing
 i - a potion of magic {unknown}
Comestibles
 b - 7 rations
 c - 5 chunks of flesh


   Skills:
 + Level 0.4 Fighting
 - Level 1.7 Dodging
 - Level 1.7 Stealth
 + Level 3.1 Spellcasting
 + Level 0.1 Conjurations
 + Level 2.1 Transmutations
 + Level 1.0 Air Magic
 + Level 4.2 Poison Magic


You had 3 spell levels left.
You knew the following spells:

 Your Spells              Type           Power        Failure   Level  Hunger
a - Sting                 Tmut/Pois      ##..         4%          1    None
b - Poisonous Vapours     Pois/Air       ##....       10%         2    ##.....
c - Mephitic Cloud        Conj/Pois/Air  #.......     26%         3    ###....

Your spell library contained the following spells:

 Spells                   Type           Power        Failure   Level  Hunger
 Ignite Poison            Fire/Tmut/Pois #.......     24%         3    ###....
 Olgreb's Toxic Radiance  Pois           ###.....     32%         4    ####...


Dungeon Overview and Level Annotations

Branches:
Dungeon (3/15)

Altars:


Innate Abilities, Weirdness & Mutations

Your plain brown scales are hard. (AC +5)
You cannot fit into any form of body armour.
You are cold-blooded and may be slowed by cold attacks.


Message History

Confirm with . or Enter, or press ? or * to list all spells.
You don't have enough magic to cast that spell.
The two-headed ogre looks more healthy.
Casting: Poisonous Vapours (safe; 10% risk of failure)
Confirm with . or Enter, or press ? or * to list all spells.
Aiming: Poisonous Vapours (safe; 10% risk of failure)
Press: ? - help, Dir - move target cursor, f/p - two-headed ogre
Aim: a two-headed ogre, wielding two +0 giant clubs (lightly wounded) Poisonous vapours surround the two-headed ogre!
The two-headed ogre is engulfed in poison gas.
The two-headed ogre is poisoned.
There is a stone staircase leading down here.
The two-headed ogre looks more healthy.
You hit the two-headed ogre.
The two-headed ogre is moderately wounded.
The two-headed ogre hits you with a +0 giant club!!
Ouch! That really hurt!
* * * LOW HITPOINT WARNING * * *
The two-headed ogre hits you with a +0 giant club!
You die...

#####.# #.#.#.#.# #.....#
#.#.#.#.## #.....#
#.#.#.#.#.
#.....######.#.....#.## #
#####.)รท..##.#.....#..#.#
#####.##.#.#.#.#.##.#
#.#.............#
#.########.##.####
#@O.....>.........
########.####.#.## #.#
#.#.# #.# #.#.# #.# #.#.#
#.####.#.## #....(.....
######.#.## #.#...


You could see a two-headed ogre.

Vanquished Creatures
  Jessica (D:2)
  Ijyb (D:2)
  2 adders
  2 dart slugs (D:2)
  2 leopard geckos (D:2)
  A ball python (D:2)
  4 giant cockroaches
  4 hobgoblins
  7 jackals
  2 quokkas (D:2)
  6 bats
  4 frilled lizards
  8 goblins
  7 kobolds
  8 rats
59 creatures vanquished.

Notes
Turn   | Place    | Note
-------+----------+-------------------------------------------
     0 | D:1      | hawla the Draconian Venom Mage began the quest for the Orb.
     0 | D:1      | Reached XP level 1. HP: 14/14 MP: 3/3
   468 | D:1      | Reached XP level 2. HP: 12/20 MP: 0/5
   752 | D:1      | Learned a level 2 spell: Poisonous Vapours
  1519 | D:2      | Reached XP level 3. HP: 26/26 MP: 3/6
  1951 | D:2      | Noticed Jessica
  1954 | D:2      | Killed Jessica
  1954 | D:2      | Reached skill level 4 in Poison Magic
  2021 | D:2      | Reached XP level 4. HP: 27/33 MP: 1/8
  2488 | D:2      | Learned a level 3 spell: Mephitic Cloud
  2966 | D:2      | Reached skill level 1 in Air Magic
  3131 | D:3      | Noticed Ijyb
  3231 | D:2      | Killed Ijyb
  3601 | D:3      | Noticed a two-headed ogre
  3636 | D:3      | Mangled by a two-headed ogre

Illustrated notes

Levels and vault maps discovered:
D:1:      ebering_hopf_link, layout_basic, solitary_fountain,
          minmay_small_reverse_x
D:2:      layout_basic, first_ration, minmay_fractal_squares_gapless_5,
          uniq_jessica
D:3:      layout_basic, uniq_ijyb

Skill      XL: |  1  2  3  4 |
---------------+-------------+-----
Poison Magic   | 4 |  4.2
Air Magic      | 1 |  1.0
Transmutations | 2 |  2.1
Spellcasting   | 3 |  3.1
Fighting       | |  0.4
Dodging        | |  1.7
Stealth        | |  1.7
Conjurations   | |  0.1

Action                   |  1- 3 |  4- 6 || total
-------------------------+-------+-------++-------
Melee: Unarmed           |    42 |    12 ||    54
       Tailslap          |     2 |       ||     2
 Cast: Sting             |    32 |    25 ||    57
       Poisonous Vapours |    21 |    19 ||    40
       Mephitic Cloud    |       |     1 ||     1
  Use: Scroll            |     1 |    11 ||    12
       Potion            |     1 |       ||     1
  Eat: Chunk             |     5 |     4 ||     9
       Ration            |       |     1 ||     1
Armor: Skin              |   110 |    10 ||   120
Dodge: Dodged            |    79 |    24 ||   103
